 Dungeon Sprint DCSS version 0.30.1-9-gdf580d7c3d (webtiles) character file.

Game seed: 6432290236019870884

46092 Heoruswealwe the Minotaur Porcupine (level 14, 0/157 HPs)
             Began as a Minotaur Fighter on Oct 10, 2023.
             Was an Initiate of Gozag.
             Slain by a spark wasp (5 damage)
             ... in the Dungeon (Sprint IX: "|||||||||||||||||||||||||||||").
             The game lasted 00:42:53 (4333 turns).

Heoruswealwe the Minotaur Porcupine (MiFi)          Turns: 4333, Time: 00:42:56

Health: 0/157      AC: 31    Str: 27    XL:     14   Next: 3%
Magic:  13/13      EV:  9    Int:  5    God:    Gozag
Gold:   1029       SH:  0    Dex:  9    Spells: 13/13 levels left

rFire   . . .        b - +6 glaive "Giant's Doom" {venom, rElec rPois}
rCold   + . .        (shield currently unavailable)
rNeg    + . .        c - +3 plate armour {rC+}
rPois   +            g - +2 hat
rElec   +            h - +0 cloak {rPois}
rCorr   .            f - +0 pair of gloves
SInv    .            e - +0 pair of boots
Will    ++...        j - macabre finger necklace {Finger+ rN+} Stlth
                     l - ring "Maexku" {rElec rPois Will+}
HPRegen 0.46/turn    (no ring)
MPRegen 0.13/turn    (no ring)

%: no teleportation
@: gold aura
A: horns 2, retaliatory headbutt
a: Renounce Religion, Potion Petition, Call Merchant, Bribe Branch


You were in the Dungeon.
You worshipped Gozag.
Gozag was most pleased with you.
You visited 1 branch You collected 13850 gold pieces.
You spent 8942 gold pieces at shops.
You paid 3879 gold pieces to Gozag.

Inventory:

Hand Weapons
 a - a +4 trident of venom
 b - the +6 glaive "Giant's Doom" (weapon) {venom, rElec rPois}
   (You bought it in a shop in the Dungeon)

   rElec:     It insulates you from electricity.
   rPois:     It protects you from poison.
 u - the +8 frozen axe "Frostbite" {freeze, freezing cloud, *Noise Fly rC+}
   (You bought it in a shop in the Dungeon)

   rC:        It protects you from cold.
   Fly:       It grants you flight.
   *Noise:    It may make noises in combat.
 x - the +2 halberd of Ocloch {elec, *Rage rF+ rCorr}
   (You found it in the Dungeon)

   rF:        It protects you from fire.
   *Rage:     It berserks you when you make melee attacks (+20% chance).
   rCorr:     It protects you from acid and corrosion.
Armour
 c - a +3 plate armour of cold resistance (worn)
 d - a +1 tower shield
 e - a +0 pair of boots (worn)
 f - a +0 pair of gloves (worn)
 g - a +2 hat (worn)
 h - a +0 cloak of poison resistance (worn)
Jewellery
 j - the macabre finger necklace (around neck) {Finger+ rN+}
   (You bought it in a shop in the Dungeon)

   [amulet of nothing]

   Finger+:   It enables you to equip an extra ring.
   rN:        It protects you from negative energy.
 l - the ring "Maexku" (left hand) {rElec rPois Will+}
   (You bought it in a shop in the Dungeon)

   [ring of willpower]

   rElec:     It insulates you from electricity.
   rPois:     It protects you from poison.
   Will:      It increases your willpower.
Wands
 n - a wand of flame (27)
 s - a wand of iceblast (10)
 v - a wand of paralysis (10)
Scrolls
 i - 2 scrolls of blinking
 o - 7 scrolls of enchant armour
 p - 6 scrolls of identify
Potions
 k - 4 potions of might
 m - 2 potions of resistance
 r - 2 potions of curing
 t - 2 potions of berserk rage
 y - a potion of cancellation
 z - a potion of mutation
Miscellaneous
 q - a condenser vane
 A - a piece from Xom's chessboard (15/15)


   Skills:
 + Level 23.3 Fighting
 * Level 17.5(24.2) Axes
 O Level 27 Polearms
 + Level 23.3 Armour
 - Level 3.6 Shields


You had 13 spell levels left.
You didn't know any spells.
Your spell library was empty.

Dungeon Overview and Level Annotations

Branches:
Dungeon (1/1)

Altars:
Cheibriados
Dithmenos
Elyvilon
Fedhas
Gozag
Hepliaklqana
Kikubaaqudgha
Makhleb
Nemelex Xobeh
Okawaru
Qazlal
Ru
Sif Muna
Trog
Uskayaw
Vehumet
Wu Jian
Xom
Yredelemnul
Zin
The Shining One
Jiyva
Lugonu

Shops:
D *!*!=(**


Innate Abilities, Weirdness & Mutations

You have a pair of horns on your head.
You reflexively headbutt those who attack you in melee.


Message History

You headbutt the brown very ugly thing.
The brown very ugly thing is heavily wounded.
The brown very ugly thing punches you but does no damage.
You open the brown very ugly thing like a pillowcase!!!
The brown very ugly thing looks as sick as possible!
The brown very ugly thing is almost dead.
The brown very ugly thing punches you.
* * * LOW HITPOINT WARNING * * *
You are splashed with acid!
* * * LOW HITPOINT WARNING * * *
You barely miss the brown very ugly thing.
The brown very ugly thing is almost dead.
The brown very ugly thing punches you but does no damage.
You closely miss the brown very ugly thing.
The brown very ugly thing is almost dead.
You hit the brown very ugly thing.
The brown very ugly thing is almost dead.
The brown very ugly thing punches you!
* * * LOW HITPOINT WARNING * * *
You are splashed with acid!
* * * LOW HITPOINT WARNING * * *
You feel better.
The brown very ugly thing barely misses you.
You closely miss the brown very ugly thing.
Your headbutt misses the brown very ugly thing.
The brown very ugly thing is almost dead.
You kill the brown very ugly thing!
You barely miss the spark wasp. You headbutt the spark wasp.
The spark wasp is lightly wounded.
The spark wasp stings you but does no damage.
You closely miss the spark wasp.
The spark wasp is lightly wounded.
The spark wasp stings you but does no damage.
You slash the spark wasp!
The spark wasp is poisoned.
The spark wasp is moderately wounded.
The spark wasp stings you!
* * * LOW HITPOINT WARNING * * *
The spark wasp shocks you. You resist.
You die...
Your body crumbles into a pile of gold.

▓▓▓▓▓▓▓▓▓▓▓▓▓▓▓▓▓▓▓▓
▓..C▓...▓...▓...▓...
▓.▓y▓.▓.▓.▓.▓.▓.▓.▓.
▓.▓@▓.▓.▓.▓.▓.▓.▓.▓.
▓.▓.▓.▓.▓.▓.▓.▓.▓.▓.
▓.▓.▓.▓.▓.▓.▓.▓.▓.▓.
▓.▓.▓.▓.▓.▓.▓.▓.▓.▓.
▓.▓.▓.▓.▓.▓.▓.▓.▓.▓.
▓.▓.▓.▓.▓.▓.▓.▓.▓'▓.
▓.▓.▓.▓.▓.▓.▓.▓.▓.▓.
▓.▓.▓.▓.▓'▓.▓.▓.▓.▓.
▓.▓.▓.▓.▓=▓.▓.▓.▓.▓.


You could see a stone giant and a spark wasp (very poisoned).

Vanquished Creatures
  Gastronok (D)
  Frances (D)
  Agnes (D)
  2 fire giants (D)
  2 stone giants (D)
  3 very ugly things (D)
  A fire dragon (D)
  An ettin (D)
  2 merfolk avatars (D)
  A ghost crab (D)
  2 rakshasas (D)
  2 ice dragons (D)
  An alligator (D)
  Erica (D)
  6 centaur warriors (D)
  A boulder beetle (D)
  An anaconda (D)
  A deep troll shaman (D)
  7 two-headed ogres (D)
  A merfolk aquamancer (D)
  A satyr (D)
  2 deep troll earth magi (D)
  2 naga sharpshooters (D)
  2 pharaoh ants (D)
  A skyshark (D)
  A salamander mystic (D)
  2 bog bodies (D)
  2 naga ritualists (D)
  6 orc knights (D)
  A manticore (D)
  2 ugly things (D)
  A merfolk siren (D)
  A demonic crawler (D)
  3 black mambas (D)
  A water nymph (D)
  A black mamba (shapeshifter) (D)
  3 cane toads (D)
  2 komodo dragons (D)
  A rime drake (D)
  A freezing wraith (D)
  A troll (D)
  6 polar bears (D)
  A merfolk (D)
  A tarantella (D)
  4 blink frogs (D)
  A snapping turtle (D)
  2 jumping spiders (D)
  A slime creature (D)
  A wyvern (D)
  3 yaks (D)
  2 basilisks (D)
  2 vampire mosquitoes (D)
  2 redbacks (D)
  2 water moccasins (D)
  2 black bears (D)
  6 orc warriors (D)
  7 ogres (D)
  2 bullfrogs (D)
  A howler monkey (D)
  2 orc priests (D)
  2 hounds (D)
  A sleepcap (D)
  A gnoll (D)
  A white imp (D)
  A worm (D)
  11 orcs (D)
  A ball python (D)
  An endoplasm (D)
  A goblin (D)
  A kobold (D)
144 creatures vanquished.

Vanquished Creatures (others)
  A hydra (D)
  A goliath frog (D)
  A spriggan druid (D)
  A will-o-the-wisp (D)
  A hornet (D)
  A spriggan (D)
6 creatures vanquished.

Grand Total: 150 creatures vanquished

Notes
Turn   | Place    | Note
-------+----------+-------------------------------------------
     0 | D        | Heoruswealwe the Minotaur Fighter began the quest for the
                  | Orb.
     0 | D        | Reached XP level 1. HP: 19/19 MP: 0/0
    12 | D        | Reached skill level 3 in Polearms
    14 | D        | Reached skill level 4 in Polearms
    14 | D        | Reached XP level 2. HP: 24/28 MP: 1/1
    38 | D        | Reached skill level 5 in Fighting
    38 | D        | Reached skill level 6 in Polearms
    38 | D        | Reached skill level 5 in Armour
    38 | D        | Reached XP level 3. HP: 22/36 MP: 2/2
    57 | D        | Reached skill level 7 in Polearms
    57 | D        | Reached XP level 4. HP: 42/44 MP: 3/3
    60 | D        | Reached skill level 8 in Polearms
    66 | D        | Found a snail-covered altar of Cheibriados.
    66 | D        | Found a shadowy altar of Dithmenos.
    66 | D        | Found a white marble altar of Elyvilon.
    66 | D        | Found a blossoming altar of Fedhas.
    66 | D        | Found an opulent altar of Gozag.
    67 | D        | Found a hazy altar of Hepliaklqana.
    68 | D        | Found a viscous altar of Jiyva.
    69 | D        | Found an ancient bone altar of Kikubaaqudgha.
    70 | D        | Found a corrupted altar of Lugonu.
    71 | D        | Found a burning altar of Makhleb.
    72 | D        | Found a sparkling altar of Nemelex Xobeh.
    73 | D        | Found an iron altar of Okawaru.
    74 | D        | Found a stormy altar of Qazlal.
    76 | D        | Became a worshipper of Gozag Ym Sagoz the Greedy
    78 | D        | Found a sacrificial altar of Ru.
    79 | D        | Found a shimmering blue altar of Sif Muna.
    80 | D        | Found a bloodstained altar of Trog.
    81 | D        | Found a hide-covered altar of Uskayaw.
    82 | D        | Found a radiant altar of Vehumet.
    83 | D        | Found an ornate altar of the Wu Jian Council.
    84 | D        | Found a shimmering altar of Xom.
    85 | D        | Found a basalt altar of Yredelemnul.
    86 | D        | Found a glowing silver altar of Zin.
    87 | D        | Found a glowing golden altar of the Shining One.
   103 | D        | Got the +2 halberd of Ocloch {elec, *Rage rF+ rCorr}
   151 | D        | Noticed a wyvern
   151 | D        | Noticed a vampire mosquito
   151 | D        | Noticed a yak
   151 | D        | Noticed a yak
   151 | D        | Noticed a troll
   154 | D        | Killed a wyvern
   155 | D        | Reached skill level 10 in Polearms
   155 | D        | Reached XP level 5. HP: 49/53 MP: 4/4
   159 | D        | Killed a vampire mosquito
   160 | D        | Reached skill level 12 in Polearms
   160 | D        | Reached XP level 6. HP: 60/63 MP: 5/5
   166 | D        | Killed a yak
   167 | D        | Reached XP level 7. HP: 56/71 MP: 6/6
   170 | D        | Killed a yak
   171 | D        | Reached skill level 10 in Fighting
   171 | D        | Reached skill level 13 in Polearms
   171 | D        | Reached skill level 10 in Armour
   172 | D        | Killed a troll
   173 | D        | Reached skill level 14 in Polearms
   272 | D        | Noticed a white ugly thing
   272 | D        | Noticed a centaur warrior
   272 | D        | Noticed a centaur warrior
   272 | D        | Noticed a vampire mosquito
   272 | D        | Noticed a two-headed ogre
   272 | D        | Noticed a centaur warrior
   277 | D        | Killed a white ugly thing
   278 | D        | Reached skill level 15 in Polearms
   278 | D        | Reached XP level 8. HP: 71/83 MP: 7/7
   281 | D        | Killed a centaur warrior
   282 | D        | Reached skill level 16 in Polearms
   286 | D        | Killed a centaur warrior
   287 | D        | Reached skill level 17 in Polearms
   287 | D        | Reached XP level 9. HP: 42/93 MP: 8/8
   296 | D        | Killed a two-headed ogre
   297 | D        | Reached skill level 18 in Polearms
   302 | D        | Killed a centaur warrior
   303 | D        | Reached skill level 19 in Polearms
   564 | D        | Noticed a komodo dragon
   567 | D        | Reached XP level 10. HP: 104/104 MP: 9/9
   591 | D        | Reached skill level 20 in Polearms
   594 | D        | Reached skill level 15 in Fighting
   594 | D        | Reached skill level 15 in Armour
   669 | D        | Noticed a cane toad
   669 | D        | Noticed a skyshark
   672 | D        | Killed a cane toad
   694 | D        | Killed a skyshark
   695 | D        | Reached skill level 21 in Polearms
   697 | D        | Noticed a cane toad
   698 | D        | Noticed a cane toad
   700 | D        | Killed a cane toad
   705 | D        | Killed a cane toad
   747 | D        | Reached XP level 11. HP: 115/115 MP: 10/10
   752 | D        | Reached skill level 22 in Polearms
  1036 | D        | Noticed an orc knight
  1036 | D        | Noticed an orc knight
  1044 | D        | Noticed an orc knight
  1052 | D        | Killed an orc knight
  1053 | D        | Noticed an orc knight
  1058 | D        | Killed an orc knight
  1059 | D        | Noticed an orc knight
  1063 | D        | Killed an orc knight
  1064 | D        | Reached skill level 23 in Polearms
  1071 | D        | Killed an orc knight
  1073 | D        | Noticed an orc knight
  1075 | D        | Killed an orc knight
  1091 | D        | Killed an orc knight
  1307 | D        | Found Leymm's Distillery.
  1307 | D        | Noticed a two-headed ogre
  1307 | D        | Noticed a two-headed ogre
  1307 | D        | Noticed a two-headed ogre
  1307 | D        | Noticed a two-headed ogre
  1310 | D        | Killed a two-headed ogre
  1320 | D        | Killed a two-headed ogre
  1321 | D        | Reached skill level 24 in Polearms
  1326 | D        | Killed a two-headed ogre
  1330 | D        | Killed a two-headed ogre
  1355 | D        | Found Muorph's Assorted Antiques.
  1359 | D        | Found Teuqob's Distillery.
  1363 | D        | Found Camuhora's Jewellery Shoppe.
  1365 | D        | Noticed a two-headed ogre
  1365 | D        | Noticed a two-headed ogre
  1381 | D        | Killed a two-headed ogre
  1384 | D        | Killed a two-headed ogre
  1385 | D        | Reached skill level 25 in Polearms
  1385 | D        | Reached XP level 12. HP: 87/128 MP: 11/11
  1464 | D        | Bought a runed kite shield for 180 gold pieces
  1464 | D        | Bought a scroll of identify for 48 gold pieces
  1464 | D        | Bought a scroll of identify for 48 gold pieces
  1464 | D        | Bought a scroll of enchant armour for 180 gold pieces
  1464 | D        | Bought a scroll of identify for 48 gold pieces
  1477 | D        | Bought a potion of degeneration for 14 gold pieces
  1477 | D        | Bought a potion of flight for 42 gold pieces
  1477 | D        | Bought a potion of lignification for 42 gold pieces
  1477 | D        | Bought 2 potions of might for 112 gold pieces
  1477 | D        | Bought a potion of resistance for 140 gold pieces
  1477 | D        | Bought a potion of might for 56 gold pieces
  1494 | D        | Bought 2 potions of heal wounds for 110 gold pieces
  1494 | D        | Bought a potion of cancellation for 88 gold pieces
  1494 | D        | Bought a potion of curing for 33 gold pieces
  1500 | D        | Bought the ring "Maexku" {rElec rPois Will+} for 561 gold
                  | pieces
  1500 | D        | Bought the macabre finger necklace {Finger+ rN+} for 520
                  | gold pieces
  1500 | D        | Found the macabre finger necklace {Finger+ rN+}
  1611 | D        | Bought the +8 frozen axe "Frostbite" {freeze, freezing
                  | cloud, *Noise Fly rC+} for 1694 gold pieces
  1611 | D        | Found the +8 frozen axe "Frostbite" {freeze, freezing
                  | cloud, *Noise Fly rC+}
  1614 | D        | Bought a scroll of fear for 60 gold pieces
  1614 | D        | Bought a +3 plate armour of cold resistance for 675 gold
                  | pieces
  1614 | D        | Bought a potion of curing for 45 gold pieces
  1614 | D        | Bought the +6 glaive "Giant's Doom" {venom, rElec rPois}
                  | for 840 gold pieces
  1678 | D        | Bought a wand of paralysis (4) for 115 gold pieces
  1678 | D        | Bought a +4 trident of venom for 314 gold pieces
  1746 | D        | Noticed Gastronok
  1762 | D        | Killed Gastronok
  1908 | D        | Noticed Erica
  1916 | D        | Killed Erica
  2008 | D        | Noticed a centaur warrior
  2008 | D        | Noticed a centaur warrior
  2012 | D        | Noticed a centaur warrior
  2016 | D        | Noticed a red very ugly thing
  2021 | D        | Noticed a rakshasa
  2022 | D        | Killed a centaur warrior
  2025 | D        | Killed a centaur warrior
  2026 | D        | Reached skill level 26 in Polearms
  2032 | D        | Killed a green very ugly thing
  2032 | D        | Noticed an ice dragon
  2033 | D        | Noticed a stone giant
  2043 | D        | Killed a centaur warrior
  2045 | D        | Noticed a fire giant
  2047 | D        | Killed an ice dragon
  2049 | D        | Noticed a fire dragon
  2050 | D        | Killed a stone giant
  2052 | D        | Noticed a fire dragon
  2055 | D        | Noticed a fire dragon
  2056 | D        | Noticed a fire dragon
  2063 | D        | Killed a rakshasa
  2064 | D        | Noticed a rakshasa
  2072 | D        | Killed a fire giant
  2073 | D        | Reached skill level 27 in Polearms
  2075 | D        | Noticed a deep troll shaman
  2081 | D        | Killed a fire dragon
  2086 | D        | Killed a rakshasa
  2091 | D        | Killed a deep troll shaman
  2092 | D        | Reached skill level 5 in Axes
  2375 | D        | Bought a dented brass amulet for 170 gold pieces
  2375 | D        | Bought a scroll of identify for 68 gold pieces
  2375 | D        | Bought a wand of paralysis (6) for 489 gold pieces
  2375 | D        | Bought a wand of flame (6) for 142 gold pieces
  2375 | D        | Bought a scroll of identify for 68 gold pieces
  2424 | D        | Noticed Agnes
  2442 | D        | Killed Agnes
  2443 | D        | Reached XP level 13. HP: 41/141 MP: 12/12
  2687 | D        | Noticed Frances
  2697 | D        | Killed Frances
  2857 | D        | Reached skill level 10 in Axes
  3711 | D        | Reached skill level 15 in Axes
  4031 | D        | Bought a condenser vane for 1360 gold pieces
  4031 | D        | Bought a piece from Xom's chessboard (15/15) for 680 gold
                  | pieces
  4257 | D        | Noticed a cyan very ugly thing
  4257 | D        | Noticed a stone giant
  4257 | D        | Noticed an ettin
  4262 | D        | Killed a cyan very ugly thing
  4263 | D        | Noticed a fire giant
  4270 | D        | Noticed a spark wasp
  4275 | D        | Noticed a brown very ugly thing
  4281 | D        | Killed a stone giant
  4282 | D        | Noticed a stone giant
  4284 | D        | Noticed a stone giant
  4287 | D        | Killed an ettin
  4301 | D        | Killed a fire giant
  4302 | D        | Reached XP level 14. HP: 34/157 MP: 13/13
  4330 | D        | Killed a brown very ugly thing
  4333 | D        | HP: 5/157 [spark wasp (14)]
  4333 | D        | Slain by a spark wasp

Illustrated notes

Levels and vault maps discovered:
D:        linesprint [early_d, line_temple, items_1, d_10, items_2, lair_1,
          lair_end, items_3, orc_1, orc_end, items_4, d_15, swamp_1, shoals_1,
          snake_1, spider_1, d_20, vaults_1, items_5, swamp_end, shoals_end,
          snake_end, spider_end, vaults_end, d_27, items_6, zot_1, zot_end,
          crypt_end, forest_end, elf_end, slime_end, tomb_end, abyss_end,
          pan_hell_end]

Skill      XL: |  1  2  3  4  5  6  7  8  9 10 11 12 13 |
---------------+----------------------------------------+-----
Polearms       | 4 6 7 10 12 15 17 19 21 25 27 | 27.0
Fighting       | 4 5 6 8 9 11 13 14 16 18 20 23 | 23.3
Armour         | 4 5 6 8 9 11 13 14 16 18 20 23 | 23.3
Axes           | 6 17 | 17.5
Shields        | |  3.6

Action                     |  1- 3 |  4- 6 |  7- 9 | 10-12 | 13-15 || total
---------------------------+-------+-------+-------+-------+-------++-------
  Melee: Trident           |    39 |     3 |       |       |       ||    42
         Headbutt          |     5 |     3 |     7 |    64 |    37 ||   116
         Halberd           |       |    15 |    35 |   198 |       ||   248
         Glaive            |       |       |       |    92 |   189 ||   281
 Invoke: Call Merchant     |       |       |       |     4 |       ||     4
    Use: Potion            |     1 |       |     1 |    14 |     2 ||    18
         Scroll            |       |       |       |     3 |     2 ||     5
   Stab: Distracted        |       |       |       |     3 |     4 ||     7
 Armour: Scale mail        |    10 |     2 |       |       |       ||    12
         Chain mail        |       |     7 |    18 |    36 |       ||    61
         Plate armour      |       |       |       |    42 |   101 ||   143
  Dodge: Dodged            |    12 |     4 |    10 |    50 |    36 ||   112
  Block: Buckler           |    10 |       |       |       |       ||    10
